 Dungeon Crawl Stone Soup version 0.25-a0-1133-g93ebf739aa (webtiles) character file.

Game seed: 2640336713404078614, levelgen mode: deterministic

116 Flugslaktarn the Covered (level 4, -4/42 HPs)
             Began as a Deep Dwarf Fighter on May 20, 2020.
             Slain by an orc warrior
             ... wielding a +0 glaive
              (16 damage)
             ... on level 3 of the Dungeon on May 21, 2020.
             The game lasted 00:00:32 (505 turns).

Flugslaktarn the Covered (Deep Dwarf Fighter)        Turns: 505, Time: 00:00:32

Health: -4/42      AC:  9    Str: 21    XL:     4   Next: 69%
Magic:  2/2        EV:  7    Int:  8    God:
Gold:   78         SH:  9    Dex: 12    Spells: 3/3 levels left

rFire    . . .     SeeInvis .   a - +0 war axe
rCold    . . .     Gourm    .   c - +0 kite shield
rNeg     . . .     Faith    .   b - +0 scale mail
rPois    .         Spirit   .   j - +0 helmet
rElec    .         Reflect  .   (no cloak)
rCorr    .         Harm     .   (no gloves)
MR       .....                  k - +0 pair of boots
Stlth    ..........             (no amulet)
HPRegen  0.00/turn              (no ring)
MPRegen  0.08/turn              (no ring)

@: non-regenerating
A: damage resistance, heal wounds, sense surroundings 1, no regeneration
a: Heal Wounds


You were on level 3 of the Dungeon.
You were not hungry.

You visited 1 branch of the dungeon, and saw 3 of its levels.

You collected 78 gold pieces.

Inventory:

Hand Weapons
 a - a +0 war axe (weapon)
Armour
 b - a +0 scale mail (worn)
 c - a +0 kite shield (worn)
 j - a +0 helmet (worn)
   (You took it off Robin on level 2 of the Dungeon)
 k - a +0 pair of boots (worn)
   (You found it on level 2 of the Dungeon)
Scrolls
 f - 2 scrolls of identify {unknown}
 n - a scroll of fog {unknown}
Potions
 d - a potion of might
 h - a potion of invisibility {unknown}
 i - a potion of cancellation {unknown}
 l - a potion of heal wounds {unknown}
 m - a potion of curing {unknown}
Comestibles
 e - 3 rations
 g - 12 chunks of flesh


   Skills:
 + Level 3.2 Fighting
 * Level 3.8 Axes
 + Level 4.0 Armour
 + Level 4.0 Shields


You had 3 spell levels left.
You didn't know any spells.
Your spell library was empty.

Dungeon Overview and Level Annotations

Branches:
Dungeon (3/15)

Altars:


Innate Abilities, Weirdness & Mutations

You are resistant to damage.
You can heal yourself by infusing magical energy.
You passively map a small area around you.
You do not regenerate.


Message History

You hit the orc warrior but do no damage.
The orc warrior is severely wounded.
The orc warrior hits you with a +0 glaive!!
You barely miss the orc warrior.
The orc warrior is severely wounded.
The orc warrior hits you with a +0 glaive!
You closely miss the orc warrior.
The orc warrior is severely wounded.
The orc warrior hits you with a +0 glaive!
* * * LOW HITPOINT WARNING * * *
You are too injured to fight recklessly!
You are too injured to fight recklessly!
You are too injured to fight recklessly!
You are too injured to fight recklessly!
You are too injured to fight recklessly!
You are too injured to fight recklessly!
You are too injured to fight recklessly!
You fail to use your ability.
The orc warrior hits you with a +0 glaive!
You die...

* * , , * * , ,
,### * ..# * * ..
, # * #.## * , , ,
#.###... ,, . ,
.#...#..#####....,
.........@oooo...
, ,
###.#..########. *
, , #.#...####* ,
, #.#......# ,
#.###.##.# , , ,,
#.###..#.# , * *
#........# , ,
#######..###.###
,* .........# #.##
*


You could see an orc warrior, an orc wizard and 2 orcs.

Vanquished Creatures
  An orc priest (D:3)
  Jessica (D:2)
  Robin (D:2)
  An adder (D:2)
  4 orcs (D:3)
  A ball python (D:3)
  2 giant cockroaches (D:3)
  9 goblins (D:2)
  A hobgoblin (D:2)
  3 jackals (D:3)
  5 bats
  3 frilled lizards
  3 kobolds
  A rat (D:3)
36 creatures vanquished.

Notes
Turn   | Place    | Note
-------+----------+-------------------------------------------
     0 | D:1      | Flugslaktarn the Deep Dwarf Fighter began the quest for the
                  | Orb.
     0 | D:1      | Reached XP level 1. HP: 20/20 MP: 1/1
   133 | D:2      | Noticed Robin
   137 | D:2      | Reached XP level 2. HP: 14/27 MP: 2/2
   153 | D:2      | Killed Robin
   189 | D:2      | Noticed Jessica
   192 | D:2      | Reached XP level 3. HP: 27/33 MP: 2/2
   196 | D:2      | Killed Jessica
   353 | D:3      | Reached XP level 4. HP: 35/42 MP: 3/3
   493 | D:3      | Noticed an orc warrior
   505 | D:3      | Slain by an orc warrior

Illustrated notes

Levels and vault maps discovered:
D:1:      dpeg_arrival_three_smaller_balls, layout_loops_corners
D:2:      layout_rooms, nicolae_overflow_hidden_temple, uniq_robin, uniq_jessica
D:3:      layout_basic, kennysheep_generic_room_11, uniq_ijyb

Skill      XL: |  1  2  3  4 |
---------------+-------------+-----
Axes           | 3 |  3.8
Fighting       | 3 |  3.2
Armour         | 4 |  4.0
Shields        | 4 |  4.0

Action                   |  1- 3 |  4- 6 || total
-------------------------+-------+-------++-------
Melee: War axe           |    57 |    39 ||    96
 Abil: Heal Wounds       |     1 |     2 ||     3
Armor: Scale mail        |    35 |    19 ||    54
Dodge: Dodged            |    21 |    12 ||    33
Block: Kite shield       |    37 |    19 ||    56

Table legend:
 A = Non-vault XP
 B = Vault XP
 C = Vault XP percentage of total XP
 D = Non-vault monster count
 E = Vault monster count
 F = Vault count percentage of total count
                 A         B        C        D         E       F
            +---------+---------+-------+---------+---------+-------
      Total |      95 |      71 |  42.8 |      24 |      12 |  33.3
            +---------+---------+-------+---------+---------+-------
        D:1 |       4 |       0 |   0.0 |       4 |       0 |   0.0
        D:2 |      18 |      71 |  79.8 |       5 |      12 |  70.6
        D:3 |      73 |       0 |   0.0 |      15 |       0 |   0.0
            +---------+---------+-------+---------+---------+-------
